 Dungeon Crawl Stone Soup version 0.26-b1-32-g5d43845318 (webtiles) character file.

Game seed: 14335684075425313748

2565 emikaela the Cleaver (level 9, -11/82 HPs)
             Began as a Hill Orc Berserker on Jan 11, 2021.
             Was a Priest of Trog.
             Mangled by a reaper
             ... wielding a +2 scythe of protection
              (35 damage)
             ... on level 1 of the Abyss.
             The game lasted 00:38:55 (10698 turns).

emikaela the Cleaver (Hill Orc Berserker)          Turns: 10698, Time: 00:38:56

Health: -11/82     AC:  9    Str: 16    XL:     9   Next: 57%
Magic:  7/7        EV: 21    Int:  7    God:    Trog [***...]
Gold:   474        SH:  4    Dex:  9    Spells: 8/8 levels left

rFire    . . .     SeeInvis .   E - +6 flail (protect)
rCold    . . .     Faith    .   z - +2 buckler
rNeg     . . .     Spirit   .   A - +0 chain mail
rPois    .         Reflect  .   C - +1 hat
rElec    .         Harm     .   (no cloak)
rCorr    .         Rampage  .   (no gloves)
Will     ++...     Rnd*Rage +   (no boots)
Stlth    ..........             y - amulet of the acrobat
HPRegen  1.23/turn              (no ring)
MPRegen  0.10/turn              (no ring)

@: about to teleport, berserk cooldown, acrobat, regenerating, slowed, very slow
A: [berserk 2], [clumsy 2], [low mp 2], [weak 2]
a: Renounce Religion, Berserk, Trog's Hand


You were on level 1 of the Abyss.
You worshipped Trog.
Trog was most pleased with you.
You visited 1 branch of the dungeon, and saw 8 of its levels.
You visited the Abyss 1 time.

You collected 474 gold pieces.

Inventory:

Hand Weapons
 E - a +6 flail of protection (weapon)
Missiles
 d - 49 bolts
 g - 17 poisoned darts
 k - 171 arrows
 s - 236 stones (quivered)
 t - 4 boomerangs
 S - 73 sling bullets
Armour
 x - a +0 scale mail
 z - a +2 buckler (worn)
 A - a +0 chain mail (worn)
 C - a +1 hat (worn)
Jewellery
 a - an uncursed ring of stealth {unknown}
 y - an amulet of the acrobat (around neck)
Wands
 B - a wand of iceblast (10)
 F - a wand of flame (26)
Scrolls
 c - 4 scrolls of remove curse
 f - 2 scrolls of fog {unknown}
 l - 2 scrolls of blinking
 m - 4 scrolls of magic mapping
 n - 5 scrolls of enchant armour {unknown}
 p - 6 scrolls of teleportation
 D - a scroll of noise {unknown}
Potions
 e - 2 potions of attraction {!q}
 h - 2 potions of brilliance {unknown}
 i - 2 potions of ambrosia {unknown}
 j - a potion of resistance
 o - a potion of might {unknown}
 q - a potion of flight
 r - 3 potions of degeneration {unknown}
 u - 4 potions of curing
 v - a potion of heal wounds {unknown}
 w - a potion of lignification {!q}


   Skills:
 + Level 8.4 Fighting
 - Level 10.0 Axes
 - Level 6.0 Throwing
 - Level 2.2 Armour
 - Level 1.6 Dodging
 - Level 5.0 Evocations


You had 8 spell levels left.
You didn't know any spells.
Your spell library was empty.

Dungeon Overview and Level Annotations

Branches:
Dungeon (8/15)             Temple (0/1) D:5
   Lair: D:8-11

Altars:
Cheibriados
Dithmenos
Fedhas
Hepliaklqana
Ru
Sif Muna
Trog
Yredelemnul
The Shining One

Shops:
D:5 =

Annotations:
D:8 Psyche


Innate Abilities, Weirdness & Mutations

[You often lose your temper in combat.]
[You are very clumsy. (Dex -4)]
[Your magical capacity is very low. (-20% MP)]
[You are very weak. (Str -4)]


Message History

The large abomination hits you!
Okay, then.
Unknown command.
As you read the scroll of teleportation, it crumbles to dust.
You feel strangely unstable.
You feel the power of the Abyss delaying your translocation!
The large abomination barely misses you.
The wretched star glows turbulently.
The lance of force hits you.
You are knocked back by the lance of force.
A reaper opens the gate.
A reaper comes into view.
It is wielding a +2 scythe of protection.
The wretched star pulses with an eldritch light!
You feel clumsy. x2; You feel a little pissed off.
You feel angry.
A red very ugly thing comes into view.
A hellion comes into view.
The hellion gives a hideous shriek!
The red very ugly thing gurgles horribly!
The reaper hits you from afar with a +2 scythe of protection!!
You die...

.#.# ○ ...# #○ ...#
#≈# #..### .# . #○#
#....##.# .#
2####○##..... .# ..#.
.u.....2.#.###.##...#
.......'............#
.......@............##
#≈#######...........#.
###.X....._...#
#..$..*..... #
###..........#
#..........##
#..((........#
##........ ..#
#(..........#


You could see a red very ugly thing, a reaper, a wretched star, a large
abomination and a hellion.

Vanquished Creatures
  Prince Ribbit (D:7)
  Edmund (D:5)
  2 soldier ants (D:8)
  A phantom (D:5)
  2 centaurs (D:5)
  2 ogres
  Blork the orc (D:5)
  2 bullfrogs (D:7)
  2 scorpions
  4 killer bees (D:4)
  3 howler monkeys
  A centaur zombie (D:5)
  A hound (D:5)
  4 orc priests
  5 orc wizards
  A centaur skeleton (D:7)
  4 iguanas
  Natasha (thrice) (D:3)
  10 worker ants
  A hound skeleton (D:6)
  A mummy (D:5)
  4 gnolls (D:6)
  6 adders
  2 shadow imps (D:7)
  2 white imps
  An ufetubus (D:8)
  2 oozes
  3 worms
  2 dart slugs
  4 leopard geckos
  10 orcs
  2 giant cockroaches
  5 goblins
  11 hobgoblins
  8 jackals
  4 quokkas
  4 ball pythons
  8 bats
  5 frilled lizards
  2 hobgoblin zombies (D:5)
  9 kobolds
  A kobold zombie (D:5)
  A leopard gecko zombie (D:5)
  An orc zombie (D:5)
  7 rats
156 creatures vanquished.

Vanquished Creatures (others)
  4 fungi (D:6)
  3 plants (D:6)
7 creatures vanquished.

Grand Total: 163 creatures vanquished

Notes
Turn   | Place    | Note
-------+----------+-------------------------------------------
     0 | D:1      | emikaela the Hill Orc Berserker began the quest for the
                  | Orb.
     0 | D:1      | Reached XP level 1. HP: 19/19 MP: 1/1
   367 | D:1      | Reached XP level 2. HP: 27/27 MP: 2/2
   647 | D:1      | Reached skill level 5 in Axes
   713 | D:1      | Reached XP level 3. HP: 26/33 MP: 3/3
   928 | D:1      | Reached ** piety under Trog
  1631 | D:2      | Reached skill level 6 in Axes
  1634 | D:2      | Reached XP level 4. HP: 40/40 MP: 4/4
  1801 | D:2      | Found a bloodstained altar of Trog.
  2308 | D:3      | Noticed Natasha
  2314 | D:3      | Killed Natasha
  2315 | D:3      | Reached XP level 5. HP: 37/47 MP: 5/5
  2345 | D:3      | Noticed Natasha
  2356 | D:3      | Killed Natasha
  2462 | D:3      | Noticed Natasha
  2674 | D:3      | Killed Natasha
  2675 | D:3      | Reached skill level 5 in Fighting
  3011 | D:3      | Found a glowing golden altar of the Shining One.
  3273 | D:4      | Reached skill level 7 in Axes
  3351 | D:4      | Noticed an ogre
  3362 | D:4      | Killed an ogre
  3363 | D:4      | Reached skill level 1 in Evocations
  3363 | D:4      | Reached XP level 6. HP: 56/56 MP: 6/6
  3535 | D:4      | Reached *** piety under Trog
  4395 | D:4      | Reached XP level 7. HP: 59/63 MP: 7/7
  4610 | D:4      | Reached skill level 8 in Axes
  4942 | D:4      | Found a sacrificial altar of Ru.
  4954 | D:4      | Found a snail-covered altar of Cheibriados.
  4957 | D:4      | Found a glowing golden altar of the Shining One.
  4970 | D:4      | Found a shimmering blue altar of Sif Muna.
  4988 | D:5      | Entered Level 5 of the Dungeon
  5025 | D:5      | Found Jusuv's Jewellery Boutique.
  5053 | D:5      | Noticed Blork the orc
  5071 | D:5      | Killed Blork the orc
  5086 | D:5      | Noticed Edmund
  5123 | D:5      | Found a staircase to the Ecumenical Temple.
  5794 | D:5      | Got an iridescent quarterstaff
  5795 | D:5      | Identified the +1 quarterstaff "Orras" {chaos, rPois Str+3}
                  | (You found it on level 5 of the Dungeon)
  5828 | D:5      | Reached XP level 8. HP: 66/71 MP: 8/8
  6034 | D:5      | Reached skill level 9 in Axes
  6772 | D:6      | Found a blossoming altar of Fedhas.
  7234 | D:5      | Reached skill level 1 in Throwing
  7697 | D:6      | Found a hazy altar of Hepliaklqana.
  7824 | D:6      | Found a basalt altar of Yredelemnul.
  8089 | D:7      | Reached skill level 5 in Evocations
  8141 | D:7      | Noticed Prince Ribbit
  8814 | D:7      | Reached skill level 10 in Axes
  8983 | D:7      | Killed Prince Ribbit
  8984 | D:7      | Reached XP level 9. HP: 81/81 MP: 9/9
  9345 | D:8      | Noticed Psyche
  9883 | D:8      | Found a shadowy altar of Dithmenos.
  9897 | D:8      | Reached skill level 5 in Throwing
 10526 | D:5      | Killed Edmund
 10668 | D:8      | Cast into level 1 of the Abyss (Psyche)
 10668 | Abyss:1  | Found a corrupted altar of Lugonu.
 10689 | Abyss:1  | Noticed a wretched star
 10697 | Abyss:1  | Noticed a reaper
 10698 | Abyss:1  | Noticed a red very ugly thing
 10698 | Abyss:1  | Noticed a hellion
 10698 | Abyss:1  | Mangled by a reaper

Illustrated notes

Levels and vault maps discovered:
D:1:      dpeg_arrival_snail, layout_rooms, serial_bayou_lagoon_a,
          amcnicky_mini_corridor_feature
D:2:      layout_loops_ring, bloody_trog, minmay_tiny_reverse_x, uniq_robin
D:3:      layout_loops_cross, tso_altar, uniq_natasha
D:4:      layout_gridville, grunt_temple_overflow_cloverleaf, minmay_small_thing
D:5:      layout_basic, minmay_temple_entry_mini_moons, serial_shops,
          nicolae_shop_crystal, minmay_mini_ossuary, uniq_blork_the_orc,
          uniq_edmund
D:6:      layout_basic, nicolae_overflow_crystal_walls, fedhas_altar_3,
          lemuel_round_altar
D:7:      layout_loops_ring, uniq_prince_ribbit1
D:8:      layout_rooms, grunt_dithmenos_smoke, hangedman_pestilent_swarm,
          uniq_psyche
Abyss:1:  base: D:2, hangedman_abyss_or_decor_lesser_grid,
          hangedman_elemental_corridor

Skill      XL: |  1  2  3  4  5  6  7  8  9 |
---------------+----------------------------+-----
Fighting       | 4 5 6 8 |  8.4
Axes           | 5 6 7 8 10 | 10.0
Evocations     | 1 2 3 5 |  5.0
Throwing       | 3 6 |  6.0
Armour         | |  2.2
Dodging        | |  1.6

Action                   |  1- 3 |  4- 6 |  7- 9 || total
-------------------------+-------+-------+-------++-------
Melee: Hand axe          |   112 |   138 |   437 ||   687
       Flail             |       |       |    14 ||    14
Throw: Stone             |    98 |    73 |   126 ||   297
       Dart              |       |    24 |    78 ||   102
Invok: Trog's Hand       |     1 |     4 |    12 ||    17
       Berserk           |     1 |     6 |     9 ||    16
Evoke: Wand              |       |     1 |     1 ||     2
  Use: Scroll            |       |       |    13 ||    13
       Potion            |       |       |     1 ||     1
 Stab: Invisible         |       |       |     6 ||     6
Armor: Animal skin       |    16 |    12 |     1 ||    29
       Scale mail        |       |       |    70 ||    70
       Ring mail         |       |       |     5 ||     5
       Chain mail        |       |       |    25 ||    25
Dodge: Dodged            |    76 |    80 |   180 ||   336
Block: Buckler           |       |       |    30 ||    30
